PL
PHOENIX HOTSPUR @ DETROIT RENAISSANCE
09/21/2028
 
TOP OF THE 1ST
Phoenix Hotspur batting - Pitching for Detroit Renaissance : LHP Todd Hines
Pitching: LHP Todd Hines
Batting: RHB Roland Deschain 0-0: Ball
1-0: SINGLE (Groundball, 34D)
Batting: LHB Francisco García 0-0: Ball
1-0: Fly out, F2 (Popup, 25)
Batting: RHB Randy Rehling 0-0: Ball
1-0: Called Strike
1-1: Ball
2-1: Foul Ball, location: 2F
2-2: Foul Ball, location: 2F
2-2: Strikes out looking
Batting: RHB Gabriel Pérez 0-0: Called Strike
0-1: Foul Ball, location: 2F
0-2: Ball
1-2: Strikes out swinging
Top of the 1st over - 0 run(s), 1 hit(s), 0 error(s), 1 left on base; Phoenix 0 - Detroit 0
BOTTOM OF THE 1ST
Detroit Renaissance batting - Pitching for Phoenix Hotspur : RHP Javier Mora
Pitching: RHP Javier Mora
Batting: RHB Bernardo Herrera 0-0: Ball
1-0: Ball
2-0: Called Strike
2-1: Fly out, F6 (Popup, 56D)
Batting: RHB Kenneth Noid 0-0: Ball
1-0: Called Strike
1-1: Ground out 5-3 (Groundball, 56S)
Batting: LHB Bartolo Benítez 0-0: Ball
1-0: Foul Ball, location: 2F
1-1: Fly out, F7 (Line Drive, 7)
Bottom of the 1st over - 0 run(s), 0 hit(s), 0 error(s), 0 left on base; Phoenix 0 - Detroit 0
TOP OF THE 2ND
Phoenix Hotspur batting - Pitching for Detroit Renaissance : LHP Todd Hines
Batting: LHB Mario Cruz 0-0: Ball
1-0: Swinging Strike
1-1: Foul Ball, location: 2F
1-2: Ball
2-2: Fly out, F8 (Flyball, 8RS)
Batting: RHB Alex Niemann 0-0: Ball
1-0: Ground out 6-3 (Groundball, 56)
Batting: LHB Rafael Sánchez 0-0: Called Strike
0-1: Ball
1-1: Fly out, F9 (Flyball, 9S)
Top of the 2nd over - 0 run(s), 0 hit(s), 0 error(s), 0 left on base; Phoenix 0 - Detroit 0
BOTTOM OF THE 2ND
Detroit Renaissance batting - Pitching for Phoenix Hotspur : RHP Javier Mora
Batting: LHB Eric Thackston 0-0: Called Strike
0-1: Called Strike
0-2: Ground out U3 (Groundball, 34D)
Batting: RHB Ludwig Kluge 0-0: Ball
1-0: SINGLE (Groundball, 6MD)
Batting: LHB Greg Robinson 0-0: Ball
1-0: Ball
2-0: Ball
3-0: Base on Balls
Ludwig Kluge to second
Batting: RHB Bob Barlow 0-0: Called Strike
0-1: Ball
Ludwig Kluge steals 3rd base
Greg Robinson to second
1-1: Ball
2-1: Ground out 6-3 (Groundball, 6)
Ludwig Kluge scores
Batting: RHB Zong-yuan Fung 0-0: Called Strike
0-1: Foul Ball, location: 2F
0-2: Foul Ball, location: 2F
0-2: Fly out, F8 (Flyball, 8RS)
Bottom of the 2nd over - 1 run(s), 1 hit(s), 0 error(s), 1 left on base; Phoenix 0 - Detroit 1
TOP OF THE 3RD
Phoenix Hotspur batting - Pitching for Detroit Renaissance : LHP Todd Hines
Batting: SHB Pedro Gómez 0-0: Called Strike
0-1: Fly out, F9 (Flyball, 9)
Batting: LHB Shojiro Ueda 0-0: Foul Ball, location: 2F
0-1: Ball
1-1: Ball
2-1: Foul Ball, location: 2F
2-2: Foul Ball, location: 2F
2-2: Strikes out looking
Batting: RHB Roland Deschain 0-0: Ball
1-0: Ball
2-0: Ball
3-0: Called Strike
3-1: SINGLE (Groundball, 56D)
Batting: LHB Francisco García 0-0: Ball
1-0: Foul Ball, location: 2F
1-1: Ball
Roland Deschain steals 2nd base
2-1: Foul Ball, location: 2F
2-2: Strikes out swinging
Top of the 3rd over - 0 run(s), 1 hit(s), 0 error(s), 1 left on base; Phoenix 0 - Detroit 1
BOTTOM OF THE 3RD
Detroit Renaissance batting - Pitching for Phoenix Hotspur : RHP Javier Mora
Batting: RHB Alex Maxwell 0-0: Called Strike
0-1: Swinging Strike
0-2: Foul Ball, location: 2F
0-2: Foul Ball, location: 2F
0-2: Strikes out swinging
Batting: RHB Bernardo Herrera 0-0: Called Strike
0-1: Foul Ball, location: 2F
0-2: SINGLE (Groundball, 6MD)
Batting: RHB Kenneth Noid 0-0: Ball
Bernardo Herrera steals 2nd base
1-0: Called Strike
Bernardo Herrera steals 3rd base
1-1: Ball
2-1: Foul Ball, location: 2F
2-2: Ball
3-2: Fly out, F3 (Popup, 3S)
Batting: LHB Bartolo Benítez 0-0: Ground out U3 (Groundball, 3L)
Bottom of the 3rd over - 0 run(s), 1 hit(s), 0 error(s), 1 left on base; Phoenix 0 - Detroit 1
TOP OF THE 4TH
Phoenix Hotspur batting - Pitching for Detroit Renaissance : LHP Todd Hines
Batting: RHB Randy Rehling 0-0: Called Strike
0-1: Ball
1-1: Ball
2-1: Foul Ball, location: 2F
2-2: Strikes out swinging
Batting: RHB Gabriel Pérez 0-0: Called Strike
0-1: Swinging Strike
0-2: Ball
1-2: Ground out 5-3 (Groundball, 56)
Pitching: RHP Ciríaco Muro
Batting: LHB Mario Cruz 0-0: Foul Ball, location: 2F
0-1: Ball
1-1: Ball
2-1: Fly out, F2 (Popup, 15S)
Top of the 4th over - 0 run(s), 0 hit(s), 0 error(s), 0 left on base; Phoenix 0 - Detroit 1
BOTTOM OF THE 4TH
Detroit Renaissance batting - Pitching for Phoenix Hotspur : RHP Javier Mora
Batting: LHB Eric Thackston 0-0: Ball
1-0: Ball
2-0: Ball
3-0: Foul Ball, location: 2F
3-1: Base on Balls
Batting: RHB Ludwig Kluge 0-0: Foul Ball, location: 2F
0-1: Ball
1-1: Ball
2-1: Fly out, F4 (Line Drive, 4M)
Lined into DP, 4-3 (Line Drive, 4M)
Batting: LHB Greg Robinson 0-0: Ball
1-0: Ground out 1-3 (Groundball, P)
Bottom of the 4th over - 0 run(s), 0 hit(s), 0 error(s), 0 left on base; Phoenix 0 - Detroit 1
TOP OF THE 5TH
Phoenix Hotspur batting - Pitching for Detroit Renaissance : RHP Ciríaco Muro
Batting: RHB Alex Niemann 0-0: Ball
1-0: Ball
2-0: Ball
3-0: Called Strike
3-1: Base on Balls
Batting: LHB Rafael Sánchez 0-0: Bunt missed!
0-1: Bunt missed!
0-2: Strikes out swinging
Batting: SHB Pedro Gómez 0-0: Ball
1-0: Fly out, F8 (Flyball, 8LM)
Batting: LHB Shojiro Ueda 0-0: Fielders Choice at 2nd, 6-4 (Groundball, 6)
Top of the 5th over - 0 run(s), 0 hit(s), 0 error(s), 0 left on base; Phoenix 0 - Detroit 1
BOTTOM OF THE 5TH
Detroit Renaissance batting - Pitching for Phoenix Hotspur : RHP Javier Mora
Batting: RHB Bob Barlow 0-0: Called Strike
0-1: Called Strike
0-2: Strikes out swinging
Batting: RHB Zong-yuan Fung 0-0: Ground out 4-3 (Groundball, 4)
Batting: RHB Alex Maxwell 0-0: Ball
1-0: Called Strike
1-1: Ground out 6-3 (Groundball, 6)
Bottom of the 5th over - 0 run(s), 0 hit(s), 0 error(s), 0 left on base; Phoenix 0 - Detroit 1
TOP OF THE 6TH
Phoenix Hotspur batting - Pitching for Detroit Renaissance : RHP Ciríaco Muro
Batting: RHB Roland Deschain 0-0: Ground out 5-3 (Groundball, 5)
Batting: LHB Francisco García 0-0: Foul Ball, location: 2F
0-1: Called Strike
0-2: Fly out, F8 (Flyball, 8LM)
Batting: RHB Randy Rehling 0-0: Swinging Strike
0-1: Ball
1-1: Called Strike
1-2: Strikes out swinging
Top of the 6th over - 0 run(s), 0 hit(s), 0 error(s), 0 left on base; Phoenix 0 - Detroit 1
BOTTOM OF THE 6TH
Detroit Renaissance batting - Pitching for Phoenix Hotspur : RHP Javier Mora
Batting: RHB Bernardo Herrera 0-0: Ball
1-0: Called Strike
1-1: Ball
2-1: Ball
3-1: Fly out, F4 (Line Drive, 4S)
Now at 2B: Ted Cook
Batting: RHB Kenneth Noid 0-0: Foul Ball, location: 2F
0-1: Foul Ball, location: 2F
0-2: Ball
1-2: Strikes out swinging
Batting: LHB Bartolo Benítez 0-0: Foul Ball, location: 2F
0-1: Ball
1-1: Foul Ball, location: 2F
1-2: Ground out 6-3 (Groundball, 6)
Bottom of the 6th over - 0 run(s), 0 hit(s), 0 error(s), 0 left on base; Phoenix 0 - Detroit 1
TOP OF THE 7TH
Phoenix Hotspur batting - Pitching for Detroit Renaissance : RHP Ciríaco Muro
Batting: RHB Gabriel Pérez 0-0: Ball
1-0: Foul Ball, location: 2F
1-1: Foul Ball, location: 2F
1-2: Ball
2-2: Fly out, F7 (Line Drive, 78M)
Batting: LHB Mario Cruz 0-0: Ball
1-0: Swinging Strike
1-1: Foul Ball, location: 2F
1-2: Foul Ball, location: 2F
1-2: Strikes out swinging
Batting: RHB Alex Niemann 0-0: Ball
1-0: Ball
2-0: Ball
3-0: Called Strike
3-1: Base on Balls
Batting: LHB Rafael Sánchez 0-0: Ball
1-0: Ball
2-0: Ball
3-0: Called Strike
3-1: Base on Balls
Alex Niemann to second
Batting: SHB Pedro Gómez 0-0: Ball
1-0: Foul Ball, location: 2F
1-1: Ball
2-1: Ball
3-1: Base on Balls
Alex Niemann to third
Rafael Sánchez to second
Pitching: RHP Javier Castillo
Batting: LHB Shojiro Ueda 0-0: Ball
1-0: Fly out, F4 (Popup, 4MD)
Top of the 7th over - 0 run(s), 0 hit(s), 0 error(s), 3 left on base; Phoenix 0 - Detroit 1
BOTTOM OF THE 7TH
Detroit Renaissance batting - Pitching for Phoenix Hotspur : RHP Javier Mora
Batting: LHB Eric Thackston 0-0: Ground out U3 (Groundball, 34)
Batting: RHB Ludwig Kluge 0-0: Called Strike
0-1: Fly out, F7 (Flyball, 7)
Batting: LHB Greg Robinson 0-0: Foul Ball, location: 2F
0-1: Foul Ball, location: 2F
0-2: Strikes out swinging
Bottom of the 7th over - 0 run(s), 0 hit(s), 0 error(s), 0 left on base; Phoenix 0 - Detroit 1
TOP OF THE 8TH
Phoenix Hotspur batting - Pitching for Detroit Renaissance : RHP Javier Castillo
Now at 1B: Cisco Padilla
Batting: RHB Ted Cook 0-0: Called Strike
0-1: Ball
1-1: Foul Ball, location: 2F
1-2: Ball
2-2: Fly out, F5 (Line Drive, 56)
Pitching: RHP Jack Carr
Batting: LHB Francisco García 0-0: Ball
1-0: Ball
2-0: Called Strike
2-1: Ball
3-1: Foul Ball, location: 2F
3-2: Fly out, F9 (Line Drive, 9)
Pitching: RHP Rafael García
Batting: RHB Randy Rehling 0-0: Ball
1-0: Swinging Strike
1-1: Foul Ball, location: 2F
1-2: Foul Ball, location: 2F
1-2: Fly out, F9 (Line Drive, 9D)
Top of the 8th over - 0 run(s), 0 hit(s), 0 error(s), 0 left on base; Phoenix 0 - Detroit 1
BOTTOM OF THE 8TH
Detroit Renaissance batting - Pitching for Phoenix Hotspur : RHP Javier Mora
Batting: RHB Bob Barlow 0-0: Ball
1-0: Ball
2-0: Called Strike
2-1: Foul Ball, location: 2F
2-2: Strikes out looking
Batting: RHB Zong-yuan Fung 0-0: Called Strike
0-1: Ball
1-1: SINGLE (Line Drive, 4D)
Pinch Hitting: RHB António Padilla 0-0: Ball
1-0: Fly out, F8 (Line Drive, 8RXD)
Batting: RHB Bernardo Herrera 0-0: Swinging Strike
0-1: Ball
1-1: SINGLE (Flyball, 78S)
Zong-yuan Fung to second
Batting: RHB Kenneth Noid 0-0: Ball
1-0: Fly out, F4 (Popup, 4D)
Bottom of the 8th over - 0 run(s), 2 hit(s), 0 error(s), 2 left on base; Phoenix 0 - Detroit 1
TOP OF THE 9TH
Phoenix Hotspur batting - Pitching for Detroit Renaissance : RHP Rafael García
Pitching: RHP Bruce Wright
Now in LF: Ryan Forrest
Batting: RHB Gabriel Pérez 0-0: Ball
1-0: Ball
2-0: Ball
3-0: Called Strike
3-1: Called Strike
3-2: Strikes out looking
Batting: LHB Mario Cruz 0-0: Ball
1-0: Ball
2-0: Called Strike
2-1: Foul Ball, location: 2F
2-2: Ground out 4-3 (Groundball, 34)
Batting: RHB Alex Niemann 0-0: Ball
1-0: Swinging Strike
1-1: Foul Ball, location: 2F
1-2: Ball
2-2: Ball
3-2: Strikes out looking
Top of the 9th over - 0 run(s), 0 hit(s), 0 error(s), 0 left on base; Phoenix 0 - Detroit 1
Thursday, September 7th, 2017 - OOTP Baseball 17.12 Build 75